 Dungeon Crawl Stone Soup version 0.29.1-13-g9f3cf754e1 (webtiles) character file.

Game seed: 10289901215517267054

143 zeram the Caller (level 5, -1/37 HPs)
             Began as a Gnoll Summoner on Feb 10, 2023.
             Killed from afar by a white imp (8 damage)
             ... with a puff of frost
             ... summoned by Natasha
             ... on level 4 of the Dungeon.
             The game lasted 00:07:08 (4919 turns).

zeram the Caller (Gnoll Summoner)                   Turns: 4919, Time: 00:07:08

Health: -1/37      AC:  3    Str:  8    XL:     5   Next: 25%
Magic:  12/12      EV: 13    Int: 16    God:
Gold:   82         SH:  0    Dex: 12    Spells: 2/14 levels left

rFire   . . .      SeeInvis .   m - +2 dagger (venom)
rCold   . . .      Faith    .   (no shield)
rNeg    . . .      Spirit   .   a - +0 robe
rPois   .          Reflect  .   g - +1 hat
rElec   .          Harm     .   (no cloak)
rCorr   .          Rampage  .   (no gloves)
Will    .....                   (no boots)
Stlth   +++.......              (no amulet)
HPRegen 0.12/turn               (no ring)
MPRegen 0.13/turn               (no ring)

@: attractive, slowed, very slow
A: fangs 1, strong nose, distributed training
a: no special abilities


You were on level 4 of the Dungeon.
You visited 1 branch of the dungeon, and saw 4 of its levels.

You collected 82 gold pieces.

Inventory:

Hand Weapons
 j - a +0 club
 m - a +2 dagger of venom (weapon)
Armour
 a - a +0 robe (worn)
 g - a +1 hat (worn)
Scrolls
 e - a scroll of summoning
 i - 2 scrolls of blinking
Potions
 b - a potion of magic
 c - a potion of attraction
 d - 2 potions of lignification
 f - 2 potions of heal wounds {unknown}
 h - a potion of brilliance {unknown}
 k - 5 potions of curing {unknown}
 l - a potion of ambrosia {unknown}
 n - a potion of mutation {unknown}
 o - a potion of haste


   Skills:
 + Level 1.4 Fighting
 + Level 1.4 Short Blades
 + Level 1.4 Long Blades
 + Level 1.4 Axes
 + Level 1.4 Maces & Flails
 + Level 1.4 Polearms
 + Level 1.4 Staves
 + Level 1.4 Ranged Weapons
 + Level 1.4 Throwing
 + Level 1.4 Armour
 + Level 4.8 Dodging
 + Level 4.4 Stealth
 + Level 1.4 Shields
 + Level 1.4 Unarmed Combat
 + Level 5.2 Spellcasting
 + Level 1.1 Conjurations
 + Level 1.1 Hexes
 + Level 7.2 Summonings
 + Level 1.1 Necromancy
 + Level 1.1 Translocations
 + Level 1.1 Transmutations
 + Level 1.1 Fire Magic
 + Level 1.1 Ice Magic
 + Level 1.1 Air Magic
 + Level 1.1 Earth Magic
 + Level 1.1 Poison Magic
 + Level 1.6 Invocations
 + Level 1.4 Evocations


You had 2 spell levels left.
You knew the following spells:

 Your Spells              Type           Power      Damage    Failure   Level
a - Summon Small Mammal   Summ           100%       N/A       1%          1
b - Call Imp              Summ           27%        N/A       1%          2
c - Call Canine Familiar  Summ           27%        N/A       2%          3
d - Summon Lightning Spi  Summ/Air       17%        N/A       26%         4
e - Blink                 Tloc           14%        N/A       14%         2

Your spell library contained the following spells:

 Spells                   Type           Power      Damage    Failure   Level
 Summon Guardian Golem    Hex/Summ       17%        N/A       8%          3
 Dazzling Flash           Conj/Hex       14%        N/A       28%         3
 Lesser Beckoning         Tloc           7%         N/A       28%         3
 Agony                    Necr           7%         N/A       95%         5
 Manifold Assault         Tloc           7%         N/A       95%         5
 Silence                  Hex/Air        3%         N/A       95%         5


Dungeon Overview and Level Annotations

Branches:
Dungeon (4/15)
 Temple: D:4-7

Altars:

Annotations:
D:4 Natasha


Innate Abilities, Weirdness & Mutations

You have very sharp teeth.
Your uncanny sense of smell can sniff out nearby items.
Your experience applies equally to all skills.


Message History

The white imp gestures at you. The puff of frost misses you.
The giant cockroach barely misses you.
You hit the giant cockroach.
The giant cockroach is poisoned.
You bite the giant cockroach, but do no damage.
The giant cockroach is severely wounded.
You kill the giant cockroach!
The white imp closely misses you.
The crimson imp blinks!
The white imp barely misses you. Natasha closely misses you.
You barely miss Natasha.
The crimson imp blinks!
The white imp misses you. Natasha barely misses you.
You barely miss Natasha. The white imp gestures at you.
The puff of frost hits you.
Natasha stares at you and mumbles some strange words.
The magic dart hits you! The white imp hits you. The white imp freezes you.
Natasha casts a spell at you. You resist with some effort.
You hit Natasha.
Natasha is poisoned.
Natasha is lightly wounded.
The white imp gestures at you. The puff of frost hits you.
* * * LOW HITPOINT WARNING * * *
Natasha claws you but does no damage.
Unknown command.
You hit Natasha but do no damage.
Natasha looks as sick as possible!
You punch Natasha, but do no damage.
Natasha is lightly wounded.
The white imp hits you.
* * * LOW HITPOINT WARNING * * *
The white imp freezes you.
* * * LOW HITPOINT WARNING * * *
Natasha claws you but does no damage. The white imp closely misses you.
Natasha howls an incantation.
Natasha glows brightly for a moment.
Natasha mumbles some strange words.
It was a potion of attraction.
You feel attractive to monsters. The white imp gestures at you.
The puff of frost hits you!
You die...

..............#
##.....####...# ..
#....รท..#....### #.#.
...............# #....
#....###...#...####....
##... #.....##...#...#
#...........###...5..##
#...#.......##........##
#...#.......##..@5.....#
... ##......##...h......
.......#..##....... ...[
..5.... #....J .......
...... ....... ......
....... ..?. .##....


You could see Natasha (extremely poisoned), a crimson imp (summoned) and 2 white
imps.

Vanquished Creatures
  4 adders
  2 worms
  3 dart slugs
  4 orcs (D:3)
  3 endoplasms
  4 giant cockroaches
  6 goblins
  2 hobgoblins (D:3)
  4 jackals
  2 kobolds
  2 quokkas
  5 ball pythons
  4 bats
  2 frilled lizards
  2 rats (D:1)
49 creatures vanquished.

Vanquished Creatures (collateral kills)
  2 adders (D:2)
  A worm (D:2)
  A dart slug (D:1)
  2 orcs (D:3)
  A ball python (D:1)
  3 endoplasms (D:1)
  A giant cockroach (D:2)
  A kobold (D:2)
  A quokka (D:1)
  3 frilled lizards
  A rat (D:3)
17 creatures vanquished.

Vanquished Creatures (others)
  7 plants (D:2)
7 creatures vanquished.

Grand Total: 73 creatures vanquished

Notes
Turn   | Place    | Note
-------+----------+-------------------------------------------
     0 | D:1      | zeram the Gnoll Summoner began the quest for the Orb.
     0 | D:1      | Reached XP level 1. HP: 13/13 MP: 6/6
   571 | D:1      | Reached XP level 2. HP: 12/19 MP: 7/7
  1854 | D:2      | Reached skill level 5 in Spellcasting
  1854 | D:2      | Reached XP level 3. HP: 22/25 MP: 7/9
  1983 | D:2      | Reached skill level 1 in Invocations
  2261 | D:2      | Reached skill level 1 in Fighting
  2261 | D:2      | Reached skill level 1 in Short Blades
  2261 | D:2      | Reached skill level 1 in Long Blades
  2261 | D:2      | Reached skill level 1 in Axes
  2261 | D:2      | Reached skill level 1 in Maces & Flails
  2261 | D:2      | Reached skill level 1 in Polearms
  2261 | D:2      | Reached skill level 1 in Staves
  2261 | D:2      | Reached skill level 1 in Ranged Weapons
  2261 | D:2      | Reached skill level 1 in Throwing
  2261 | D:2      | Reached skill level 1 in Armour
  2261 | D:2      | Reached skill level 1 in Shields
  2261 | D:2      | Reached skill level 1 in Unarmed Combat
  2261 | D:2      | Reached skill level 1 in Evocations
  2264 | D:2      | Learned a level 2 spell: Call Imp
  2268 | D:2      | Learned a level 3 spell: Call Canine Familiar
  2948 | D:2      | Reached XP level 4. HP: 25/32 MP: 11/11
  3469 | D:2      | Found a faded altar of an unknown god.
  3664 | D:3      | Reached skill level 1 in Conjurations
  3664 | D:3      | Reached skill level 1 in Hexes
  3664 | D:3      | Reached skill level 1 in Necromancy
  3664 | D:3      | Reached skill level 1 in Translocations
  3664 | D:3      | Reached skill level 1 in Transmutations
  3664 | D:3      | Reached skill level 1 in Fire Magic
  3664 | D:3      | Reached skill level 1 in Ice Magic
  3664 | D:3      | Reached skill level 1 in Air Magic
  3664 | D:3      | Reached skill level 1 in Earth Magic
  3664 | D:3      | Reached skill level 1 in Poison Magic
  3710 | D:3      | Learned a level 4 spell: Summon Lightning Spire
  3713 | D:3      | Learned a level 2 spell: Blink
  4209 | D:3      | Reached XP level 5. HP: 37/37 MP: 12/12
  4907 | D:4      | Noticed Natasha
  4919 | D:4      | Killed from afar by a white imp

Illustrated notes

Levels and vault maps discovered:
D:1:      dpeg_arrival_tiny_h, layout_basic, serial_bayou_ford_a,
          minmay_misc_feat_five, minmay_pentomino_w2
D:2:      layout_loops_corners, dreamdust_ecumenical_altar_angels_and_demons,
          minmay_misc_feat_alley, chequers_big_river, grunt_ministairs_4,
          grunt_decor_mini_mirrors
D:3:      layout_loops_cross
D:4:      layout_cave_pools, gammafunk_ghost_grave, minmay_misc_feat_square,
          chequers_serial_rivers_small_b, minmay_close_crescents, uniq_natasha

Skill      XL: |  1  2  3  4 |
---------------+-------------+-----
Spellcasting   | 5 |  5.2
Invocations    | 1 |  1.6
Fighting       | 1 |  1.4
Short Blades   | 1 |  1.4
Long Blades    | 1 |  1.4
Axes           | 1 |  1.4
Maces & Flails | 1 |  1.4
Polearms       | 1 |  1.4
Staves         | 1 |  1.4
Ranged Weapons | 1 |  1.4
Throwing       | 1 |  1.4
Armour         | 1 |  1.4
Shields        | 1 |  1.4
Unarmed Combat | 1 |  1.4
Evocations     | 1 |  1.4
Conjurations   | 1 |  1.1
Hexes          | 1 |  1.1
Necromancy     | 1 |  1.1
Translocations | 1 |  1.1
Transmutations | 1 |  1.1
Fire Magic     | 1 |  1.1
Ice Magic      | 1 |  1.1
Air Magic      | 1 |  1.1
Earth Magic    | 1 |  1.1
Poison Magic   | 1 |  1.1
Dodging        | |  4.8
Stealth        | |  4.4
Summonings     | |  7.2

Action                   |  1- 3 |  4- 6 || total
-------------------------+-------+-------++-------
Melee: Unarmed           |    50 |       ||    50
       Bite              |    14 |    15 ||    29
       Club              |    73 |       ||    73
       Dagger            |    20 |    99 ||   119
       Punch             |       |     1 ||     1
 Cast: Summon Small Mamm |    19 |     7 ||    26
       Call Imp          |       |     1 ||     1
  Use: Scroll            |       |     8 ||     8
       Potion            |       |     1 ||     1
 Stab: Sleeping          |     7 |     9 ||    16
       Distracted        |     1 |       ||     1
Armor: Robe              |    30 |    28 ||    58
Dodge: Dodged            |   100 |   111 ||   211
